Unix NetHack Version 5.0.0-0 post-release - last build May  4 2026 22:22:43 (774f63e81ad911689b3a0859ea89b322d5daca8d,branch:main).

Game began 2026-05-08 16:01:18, ended 2026-05-09 13:46:44.

IanCurtis, chaotic male elven Wizard

                                                --- --
                                               --.--.--
                                   ---        --......|
                                  --.-----   --......-
                                  |...--.-----......-
                                  |.......--........|
                                 --....*...)...--..--
                      ---       --.....|......------
                      |..--     |.@s-----..%..|
                      |...--------.%---....*..|
                      |....%....%.......--.----
                      | -----------...----..
                                  ---..| .---
                                     --...
                                       -

IanCurtis the Thaumaturge  St:12 Dx:11 Co:16 In:20 Wi:11 Ch:9  Chaotic
Dlvl:7  $:296 HP:0(41) Pw:2(58) AC:6  Xp:6 T:4410 

Latest messages:
 You are now more skilled in attack spells.
 You see here a scroll labeled YUM YUM.
 L - a scroll labeled YUM YUM.
 The dwarf throws a dagger!
 You are hit by a dagger.
 You hit the dwarf.
 The dwarf hits!
 You hit the dwarf!
 The dwarf hits!
 In what direction? n
 The spell hits the dwarf!
 In what direction? n
 The spell hits the dwarf!
 You kill the dwarf!
 In what direction? n
 The spell hits the gnome!
 You kill the gnome!
 You see here a blue gem.
 In what direction? .
 You feel better.
 The air around you begins to shimmer with a golden haze.
 You hit the giant spider.
 The giant spider bites!
 The giant spider's bite was poisoned!
 The giant spider bites!
 In what direction? .
 You feel better.
 The giant spider bites!
 In what direction? .
 You feel better.
 The giant spider bites!
 You hit the giant spider.
 The giant spider bites!
 You hit the giant spider!
 The giant spider bites!
 The golden haze around you becomes less dense.
 You hit the giant spider!
 The giant spider bites!
 You feel more confident in your weapon skills.
 You hit the giant spider.
 The giant spider bites!
 In what direction? .
 You feel better.
 The giant spider bites!
 The giant spider bites!
 You hit the giant spider!
 The giant spider bites!
 The giant spider's bite was poisoned!
 You die...
 Do you want your possessions identified? [ynq] (y) q

Inventory:
 Coins    ('$')
  $ - 296 gold pieces
 Weapons  (')')
  a - a blessed +1 quarterstaff (weapon in hands)
 Armor    ('[')
  r - an uncursed +0 helmet (being worn)
  b - an uncursed +0 cloak of magic resistance (being worn)
 Comestibles  ('%')
  S - an uncursed food ration
  v - an uncursed lembas wafer
 Scrolls  ('?')
  A - an uncursed scroll of blank paper
  B - a cursed scroll of create monster
  k - an uncursed scroll of enchant weapon
  L - an uncursed scroll of genocide
  D - a blessed scroll of identify
  M - 4 uncursed scrolls of identify
  j - a blessed scroll of remove curse
  x - an uncursed scroll of remove curse
  u - an uncursed scroll of teleportation
 Potions  ('!')
  h - an uncursed potion of extra healing
  s - a blessed potion of gain energy
  J - an uncursed potion of hallucination
  t - 2 blessed potions of healing
  w - 3 uncursed potions of healing
  g - a blessed potion of oil
  F - an uncursed potion of restore ability
  f - an uncursed potion of water
 Rings    ('=')
  G - an uncursed ring of free action
  i - an uncursed ring of invisibility
  K - an uncursed ring of invisibility
  e - an uncursed ring of polymorph control
  H - an uncursed ring of protection from shape changers
  N - an uncursed ring of teleportation
 Wands    ('/')
  c - a wand of striking (0:5)
 Tools    ('(')
  z - a magic harp (0:5)
  p - an uncursed wooden flute
  o - an uncursed blindfold
  R - a can of grease (0:16)
  q - a blessed magic lamp (lit)
  n - a magic marker (0:19)
  y - a cursed magic whistle
  C - an uncursed oil lamp
  d - a +0 pick-axe
 Gems/Stones  ('*')
  I - an uncursed worthless piece of red glass

IanCurtis the Wizard's attributes:

Background:
 You were a Thaumaturge, a level 6 male elven Wizard.
 You were chaotic, nominally on a mission for Anhur
 who was opposed by Ptah (lawful) and Thoth (neutral).
 You were right-handed.
 You were in the Gnomish Mines, on level 7.
 You entered the dungeon 4410 turns ago.
 You had 533 experience points, 107 more were needed to attain level 7.

Basics:
 You had 0 out of 41 hit points.
 You had 2 out of 58 energy points (spell power).
 Your armor class was 6.
 Your wallet contained 296 zorkmids.
 Autopickup was off.

Final Characteristics:
 Your strength was 12 (limit:18).
 Your dexterity was 11 (limit:18).
 Your constitution was 16 (limit:16).
 Your intelligence was 20 (limit:20).
 Your wisdom was 11 (limit:20).
 Your charisma was 9 (limit:18).

Final Status:
 You weren't hungry.
 You were unencumbered.
 You were wielding a quarterstaff.
 You had basic skill with quarterstaff and could have enhanced that.

Final Attributes:
 You were piously aligned.
 You were magic-protected.
 You were sleep resistant.
 You were telepathic.
 You had infravision.
 You had a small defense bonus (+2).
 You were warded.
 You are dead.

Miscellaneous:
 You didn't encounter any bones levels.
 Total elapsed playing time was 52 minutes and 13 seconds.

Major events:
 Turn
    1: IanCurtis the chaotic male elven Wizard entered the dungeon
  998: attained the rank of Conjurer (level 3)
 3499: entered Sokoban
 3634: attained the rank of Thaumaturge (level 6)
 4113: entered the Gnomish Mines
 4410: killed by a giant spider

Spells:
 Name                 Level Category     Fail Retention
 force bolt             1   attack         0%   76%-80%
 haste self             3   escape        66%  76%-100%
 protection             1   clerical       0%  76%-100%
 healing                1   healing        0%  76%-100%
 create monster         2   clerical      34%  76%-100%
 charm monster          5   enchantment   80%  91%-100%

Skills:
 Fighting Skills
   bare handed combat [Unskilled]
   riding             [Unskilled]
 Weapon Skills
   dagger             [Unskilled]
   knife              [Unskilled]
   axe                [Unskilled]
   short sword        [Unskilled]
   club               [Unskilled]
   mace               [Unskilled]
   quarterstaff       [Basic]
   polearms           [Unskilled]
   spear              [Unskilled]
   trident            [Unskilled]
   sling              [Unskilled]
   dart               [Unskilled]
   shuriken           [Unskilled]
 Spellcasting Skills
   attack spells      [Skilled]
   healing spells     [Unskilled]
   divination spells  [Unskilled]
   enchantment spells [Basic]
   clerical spells    [Unskilled]
   escape spells      [Unskilled]
   matter spells      [Unskilled]

Voluntary challenges:
 Character rerolling was not enabled.
 You were an atheist.
 You never genocided any monsters.
 You never polymorphed an object.
 You never changed form.
 You used no wishes.
 You did not violate any of the special Sokoban rules.
Achievements:
 You attained the rank of Conjurer.
 You entered a shop.
 You entered Sokoban.
 You attained the rank of Thaumaturge.
 You entered the Gnomish Mines.

 The Dungeons of Doom: levels 1 to 7
    Level 1:
    Level 2:
    Level 3:
       A fountain.
    Level 4: "spellbook stash by down stair"
       A ring shop, some fountains.
       Stairs down to The Gnomish Mines.
    Level 5:
    Level 6:
       Many fountains.
       Oracle of Delphi.
    Level 7: "leprechaun hall"
       A fountain.
       Stairs up to Sokoban, level 6.
 The Gnomish Mines: levels 5 to 7
    Level 5:
    Level 6:
    Level 7: <- You were here.
       Final resting place for
          you, killed by a giant spider.
 Sokoban:
    Level 6:
       Unsolved.


Vanquished creatures:
  a gnome ruler
  a blue jelly
  4 human zombies
 an orc shaman
  2 shriekers
  3 gnome leaders
  a gnomish wizard
  a black naga hatchling
  a guardian naga hatchling
  a gray ooze
  a straw golem
  2 giant ants
  2 floating eyes
  2 kittens
  3 dwarves
  a kobold leader
  3 iguanas
  2 hobbits
  2 manes
  a large kobold
  3 giant rats
  4 cave spiders
  2 yellow molds
 14 gnomes
  2 garter snakes
  2 geckos
  7 jackals
  4 kobolds
  2 sewer rats
  2 grid bugs
  9 lichens
  a kobold zombie
  9 newts
96 creatures vanquished.

No species were genocided or became extinct.

Game over:
                       ----------
                      /          \
                     /    REST    \
                    /      IN      \
                   /     PEACE      \
                  /                  \
                  |    IanCurtis     |
                  |      296 Au      |
                  |   killed by a    |
                  |   giant spider   |
                  |                  |
                  |                  |
                  |       2026       |
                 *|     *  *  *      | *
        _________)/\\_//(\/(/\)/\//\/|_)_______

Goodbye IanCurtis the Wizard...

You died in The Gnomish Mines on dungeon level 7 with 2699 points,
and 296 pieces of gold, after 4410 moves.
You were level 6 with a maximum of 41 hit points when you died.

